 Dungeon Crawl Stone Soup version 0.24.1-8-ga250c9d538 (webtiles) character file.

Game seed: 13655702083119823332, levelgen mode: deterministic

762 mortelune the Caller (level 8, -3/58 HPs)
             Began as a Human Summoner on Apr 30, 2020.
             Slain by a sky beast (6 damage)
             ... on level 5 of the Dungeon.
             The game lasted 00:20:49 (9497 turns).

mortelune the Caller (Human Summoner)               Turns: 9497, Time: 00:20:50

Health: -3/58      AC:  6    Str:  8    XL:     8   Next: 8%
Magic:  5/13       EV: 13    Int: 19    God:
Gold:   146        SH:  0    Dex: 16    Spells: 4/14 levels left

rFire    . . .     SeeInvis .   q - +0 scimitar
rCold    . . .     Gourm    .   (no shield)
rNeg     . . .     Faith    .   a - +1 robe
rPois    .         Spirit   .   u - +1 helmet
rElec    .         Reflect  .   (no cloak)
rCorr    .         Harm     .   t - +0 pair of gloves
MR       .....                  (no boots)
Stlth    +++.......             (no amulet)
HPRegen  0.19/turn              g - +3 ring of dexterity
MPRegen  0.13/turn              Q - ring of stealth

@: no status effects
A: no striking features
a: no special abilities


You were on level 5 of the Dungeon.
You were very hungry.

You visited 2 branches of the dungeon, and saw 7 of its levels.

You collected 146 gold pieces.

Inventory:

Hand Weapons
 e - a +0 club {don't train}
 q - a +0 scimitar (weapon)
Missiles
 b - 27 boomerangs {don't train}
 j - 10 datura-tipped darts (quivered) {don't train}
Armour
 a - a +1 robe (worn)
 f - a +0 leather armour
 t - a +0 pair of gloves (worn)
 u - a +1 helmet (worn)
Jewellery
 g - a +3 ring of dexterity (left hand)
 o - an uncursed ring of protection from fire {unknown}
 Q - a ring of stealth (right hand)
Scrolls
 i - 3 scrolls of identify
 n - a scroll of random uselessness {unknown}
 p - a scroll of blinking {unknown}
 r - 2 scrolls of remove curse {unknown}
 w - a scroll of summoning {unknown}
 x - a scroll of enchant armour
 y - a scroll of fog {unknown}
Potions
 d - 2 potions of might {unknown}
 h - a potion of heal wounds
 k - 2 potions of lignification
 l - 2 potions of berserk rage
 m - a potion of ambrosia
 s - a potion of curing
 v - a potion of brilliance {unknown}
Comestibles
 c - 7 rations


   Skills:
 + Level 3.3 Fighting
 + Level 2.5 Long Blades
 - Level 2.4 Dodging
 - Level 2.0 Stealth
 + Level 3.7 Spellcasting
 * Level 6.5 Summonings
 * Level 2.4 Air Magic


You had 4 spell levels left.
You knew the following spells:

 Your Spells              Type           Power        Failure   Level  Hunger
a - Summon Small Mammal   Summ           ####         1%          1    None
b - Call Imp              Summ           ####....     1%          2    ##.....
c - Call Canine Familiar  Summ           ####....     3%          3    ###....
d - Summon Lightning Spi  Summ/Air       ###.....     22%         4    ####...

Your spell library contained the following spells:

 Spells                   Type           Power        Failure   Level  Hunger
 Summon Guardian Golem    Hex/Summ       ###.....     11%         3    ###....
 Summon Ice Beast         Ice/Summ       ###.....     36%         4    ####...


Dungeon Overview and Level Annotations

Branches:
Dungeon (6/15)             Temple (1/1) D:5

Altars:
Ashenzari
Cheibriados
Elyvilon
Fedhas
Gozag
Hepliaklqana
Makhleb
Qazlal
Ru
Sif Muna
Trog
Uskayaw
Vehumet
Wu Jian
Xom
Zin
The Shining One


Message History

Your shadow imp hits something.
Your shadow imp misses something.
You hit something but do no damage. Something hits you. Something shocks you.
* * * LOW HITPOINT WARNING * * *
Your crimson imp hits something but does no damage.
Your shadow imp hits something.
Your shadow imp closely misses something.
You hit something but do no damage. Something hits you but does no damage.
Your crimson imp hits something.
Your shadow imp closely misses something.
Your shadow imp barely misses something.
Something hits you.
* * * LOW HITPOINT WARNING * * *
Something shocks you.
* * * LOW HITPOINT WARNING * * *
Your shadow imp closely misses something.
Your shadow imp barely misses something.
Something hits you.
* * * LOW HITPOINT WARNING * * *
Something shocks you.
You die...

#.###.. #...'..
###'###.. #.....'..
#.....#.. #........
######## #<....###
#......#######'#####
#5>@...'............
#5{5...#############
#......# #.....
#......# #.####
#......# #.####
#......# #.....
#......# #..#..
####.### #..#.. #..#
#[.#..


You could see a friendly crimson imp and 2 friendly shadow imps.

Vanquished Creatures
  A centaur (D:5)
  A scorpion (D:5)
  2 crimson imps
  A bullfrog zombie (D:5)
  A hound (D:4)
  A centaur skeleton (D:4)
  An orc priest (D:3)
  2 orc wizards
  A bullfrog skeleton (D:4)
  A worker ant (D:4)
  A killer bee zombie (D:5)
  2 gnolls (D:2)
  3 adders
  2 oozes
  An adder skeleton (D:5)
  3 worms
  3 dart slugs
  7 leopard geckos
  17 orcs
  A ball python (D:3)
  5 giant cockroaches
  7 goblins
  5 hobgoblins
  5 jackals
  5 kobolds
  2 quokkas
  6 bats
  8 frilled lizards
  10 rats
105 creatures vanquished.

Vanquished Creatures (collateral kills)
  A gnoll sergeant (D:5)
  A scorpion (D:5)
  A howler monkey (D:5)
  An orc priest (D:5)
  Robin (D:3)
  7 gnolls
  5 adders
  A howler monkey skeleton (D:5)
  An ooze (D:1)
  2 worms
  2 dart slugs (D:1)
  3 leopard geckos
  11 orcs
  5 bats
  A giant cockroach (D:1)
  7 goblins
  4 hobgoblins
  2 jackals (D:2)
  A frilled lizard (D:5)
  5 kobolds
  3 rats (D:1)
65 creatures vanquished.

Grand Total: 170 creatures vanquished

Notes
Turn   | Place    | Note
-------+----------+-------------------------------------------
     0 | D:1      | mortelune the Human Summoner began the quest for the Orb.
     0 | D:1      | Reached XP level 1. HP: 13/13 MP: 3/3
   449 | D:1      | Reached XP level 2. HP: 20/20 MP: 5/5
   453 | D:1      | Learned a level 2 spell: Call Imp
  1124 | D:1      | Reached XP level 3. HP: 16/25 MP: 4/6
  1236 | D:1      | Learned a level 3 spell: Call Canine Familiar
  2169 | D:2      | Reached skill level 1 in Fighting
  2680 | D:2      | Reached XP level 4. HP: 32/32 MP: 1/7
  3905 | D:3      | Reached XP level 5. HP: 30/38 MP: 8/8
  4074 | D:3      | Reached skill level 5 in Summonings
  4993 | D:3      | Noticed Robin
  5000 | D:3      | Killed Robin
  5137 | D:3      | Reached skill level 1 in Long Blades
  5137 | D:3      | Reached XP level 6. HP: 39/44 MP: 10/10
  6828 | D:4      | Learned a level 4 spell: Summon Lightning Spire
  6894 | D:4      | Reached XP level 7. HP: 51/51 MP: 11/11
  7109 | D:4      | Found a blossoming altar of Fedhas.
  7404 | D:5      | Entered Level 5 of the Dungeon
  7580 | D:5      | Reached skill level 6 in Summonings
  7580 | D:5      | Reached skill level 1 in Air Magic
  7900 | D:5      | Found a staircase to the Ecumenical Temple.
  8429 | Temple   | Entered the Ecumenical Temple
  9019 | D:5      | Reached XP level 8. HP: 58/58 MP: 8/13
  9497 | D:5      | Slain by a sky beast

Levels and vault maps discovered:
D:1:      roderic_crop_circles_arrival_small, layout_loops_cross,
          minmay_misc_feat_x, wad_floor_pattern_2
D:2:      minmay_inner_zag, layout_basic
D:3:      layout_basic, uniq_robin
D:4:      layout_cave_pods, lemuel_crystal_altar, first_ration
D:5:      minmay_opposing_rooms, layout_basic,
          minmay_temple_entry_statues_fountains
D:6:      layout_cave_pools, portal_sewer_entry_f
Temple:   regret_index_temple_sphere_string

Skill      XL: |  1  2  3  4  5  6  7 |
---------------+----------------------+-----
Fighting       | 1 2 3 |  3.3
Summonings     | 5 6 |  6.5
Long Blades    | 1 2 |  2.5
Spellcasting   | 3 |  3.7
Air Magic      | 2 |  2.4
Dodging        | |  2.4
Stealth        | |  2.0

Action                   |  1- 3 |  4- 6 |  7- 9 || total
-------------------------+-------+-------+-------++-------
Melee: Unarmed           |    32 |       |       ||    32
       Club              |    71 |       |       ||    71
       Scimitar          |       |   234 |    97 ||   331
Throw: Boomerang         |    13 |    25 |       ||    38
       Dart              |       |       |     1 ||     1
 Cast: Summon Small Mamm |     4 |       |       ||     4
       Call Imp          |    15 |    17 |    11 ||    43
       Call Canine Famil |    11 |    14 |     3 ||    28
       Summon Lightning  |       |       |    10 ||    10
  Use: Scroll            |     4 |     4 |     1 ||     9
       Potion            |       |       |     2 ||     2
 Stab: Sleeping          |     3 |    11 |     4 ||    18
       Distracted        |       |     3 |     1 ||     4
  Eat: Chunk             |     7 |    14 |    10 ||    31
       Ration            |       |     1 |       ||     1
Armor: Robe              |    27 |    53 |    24 ||   104
       Leather armour    |       |     7 |       ||     7
Dodge: Dodged            |   105 |   178 |    68 ||   351
       Rpst.: Scimitar   |       |    67 |    21 ||    88
